[Event "22nd Hoogeveen Open 2018"]
[Site "Hoogeveen"]
[Date "2018.10.24"]
[Round "6"]
[White "Tomilova, Elena"]
[Black "Elgersma, Onno"]
[Result "1-0"]
[ECO "A14"]
[WhiteElo "2328"]
[BlackElo "2223"]
[Annotator "NA"]
[PlyCount "51"]
[EventDate "2018.10.20"]
[EventType "swiss"]
[EventCountry "NED"]
[SourceTitle "playchess.com"]
[Source "ChessBase"]
[SourceQuality "1"]
[TimeControl "40/5400+30:1800+30"]

1. Nf3 Nf6 2. c4 e6 3. g3 d5 4. b3 c5 5. Bg2 Be7 6. O-O O-O 7. Bb2 Nc6 8. e3 b6 9. Nc3 Ba6 10. d3 Qd7 {[%emt 0:01:13] A14: English Opening: 1...e6 with b3 by White} 11. Qe2 {[%emt 0:03:43] LiveBook: 29 Games} Rfd8 12. Rad1 Rac8 13. h3 Qe8 {[%emt 0:03:49] [#]} 14. g4 $146 ({Predecessor:} 14. Rfe1 h6 15. a3 Bb7 16. Qc2 Rd7 17. Ne2 Nh7 18. h4 Bf6 19. cxd5 Rxd5 {½-½ (48) Eljanov,P (2739)-Harikrishna,P (2752) Baku 2016}) 14... h6 15. g5 hxg5 16. Nxg5 d4 17. Nb1 g6 18. h4 Nh5 19. Nd2 Bf8 20. Nde4 f6 21. Qxh5 fxg5 22. Qxg5 Bg7 $18 23. h5 Kh7 24. Nf6+ Bxf6 25. Qxf6 Rc7 26. Be4 1-0

[Event "22nd Hoogeveen Open 2018"]
[Site "Hoogeveen"]
[Date "2018.10.24"]
[Round "6"]
[White "Van Kooten, Luuk"]
[Black "Rakshitta, Ravi"]
[Result "1/2-1/2"]
[ECO "D36"]
[WhiteElo "2320"]
[BlackElo "2160"]
[Annotator "NA"]
[PlyCount "86"]
[EventDate "2018.10.20"]
[EventType "swiss"]
[EventCountry "NED"]
[SourceTitle "playchess.com"]
[Source "ChessBase"]
[SourceQuality "1"]
[TimeControl "40/5400+30:1800+30"]

1. d4 Nf6 2. c4 e6 3. Nc3 d5 4. cxd5 exd5 5. Bg5 Nbd7 6. e3 Be7 7. Bd3 c6 8. Qc2 O-O 9. Nge2 Re8 10. O-O h6 11. Bf4 Nf8 {[%emt 0:02:23] LiveBook: 18 Games} 12. h3 {[%emt 0:07:49] D36: Queen's Gambit Declined: Exchange Variation: Main line (5 Bg5 c6 6 Qc2)} (12. a3 a5 13. f3 Nh5 14. Be5 f6 15. Bg3 Nxg3 16. Nxg3 Bd6 17. Rae1 Qc7 18. f4 Be6 19. Nf5 Bxf5 20. Bxf5 {1-0 (68) Nepomniachtchi,I (2720)-Naiditsch,A (2722) Dortmund 2015 CBM 167 [Sagar Shah]}) 12... Ne6 13. Bg3 Nh5 $146 ({Predecessor:} 13... Bd6 14. Rae1 Ng5 15. Bxd6 Qxd6 {1-0 (71) Srebrnic,A (2211)-Papp,P (2302) Istanbul 2012}) 14. Bh2 Bd6 15. Bxd6 Qxd6 16. g4 Ng5 17. Kg2 $1 Nf6 18. Ng3 $15 Nxg4 19. hxg4 Bxg4 20. Rg1 Qf6 21. Bf5 Bf3+ 22. Kf1 g6 23. Bd3 Nh3 24. Rg2 Bxg2+ 25. Kxg2 Ng5 26. Qe2 Ne6 27. Qg4 Qg5 28. Qh3 h5 29. Rh1 Qf6 30. Nge2 Kg7 31. Kf1 Ng5 32. Qg3 Qf3 33. Qxf3 Nxf3 34. Nf4 Nd2+ 35. Ke2 Ne4 36. Bxe4 dxe4 37. f3 exf3+ 38. Kxf3 Re7 39. Rh2 Rd8 40. Rg2 Kh6 41. Rh2 Kh7 42. Rg2 f5 43. Nd1 Rde8 1/2-1/2

[Event "22nd Hoogeveen Open 2018"]
[Site "Hoogeveen"]
[Date "2018.10.24"]
[Round "6"]
[White "Den Hartog, Marijn"]
[Black "Li, Henry"]
[Result "0-1"]
[ECO "E62"]
[WhiteElo "2296"]
[BlackElo "2207"]
[Annotator "NA"]
[PlyCount "174"]
[EventDate "2018.10.20"]
[EventType "swiss"]
[EventCountry "NED"]
[SourceTitle "playchess.com"]
[Source "ChessBase"]
[SourceQuality "1"]
[TimeControl "40/5400+30:1800+30"]

1. d4 Nf6 2. Nf3 g6 3. c4 Bg7 4. g3 O-O 5. Bg2 d6 6. O-O Nc6 7. Nc3 e5 8. d5 Nb8 9. e4 a5 {[%emt 0:00:08] E62: King's Indian: Fianchetto: 6...c6 and Panno Variation (6...Nc6) without ...a6} 10. h3 {[%emt 0:03:31] LiveBook: 11 Games} (10. Ne1 Na6 11. Nd3 Nb4 12. Ne1 Na6 13. f4 exf4 14. gxf4 Re8 15. Nd3 Ng4 16. h3 Bd4+ 17. Kh1 {½-½ (25) Inarkiev,E (2727)-Sutovsky,E (2650) Poikovsky 2017}) 10... Na6 11. Bg5 h6 12. Be3 Nd7 13. Qd2 $146 ({Predecessor:} 13. Rb1 Ndc5 14. Nh4 Qe8 15. Qd2 Kh7 16. Nb5 Qe7 17. Qxa5 {1-0 (69) Birnboim,N (2365)-Kraus,Y (2218) Tiberias 2016}) 13... Kh7 14. h4 Nf6 15. Nh2 Bd7 16. Bf3 Qc8 17. Bd1 Bh3 18. Re1 b6 19. a3 Ng8 20. h5 Nf6 21. hxg6+ fxg6 22. Bf3 Ng4 23. Bxg4 Bxg4 24. Nxg4 Qxg4 25. Qe2 Rf3 26. Nb1 h5 27. Nd2 Rff8 28. Qxg4 hxg4 29. Kg2 g5 30. Bxg5 Nc5 31. Be3 Nd3 32. Rh1+ Kg6 33. Rh4 Nxb2 34. Rxg4+ Kf7 35. Rb1 Na4 36. Nf3 Bf6 37. Rb3 Rg8 38. Rxg8 Rxg8 39. Nd2 Bg5 40. Bxg5 Rxg5 41. Rf3+ Ke7 42. Rf5 Rxf5 43. exf5 b5 44. Kf3 b4 45. axb4 axb4 46. g4 Nc5 {[%emt 0:00:00] [#]} 47. Ke3 (47. Ke2 $1 $16) 47... b3 48. g5 b2 49. Nb1 Kf7 50. f3 Nb3 51. Kd3 Kg7 52. Ke4 Nc5+ 53. Ke3 Nb3 54. Kd3 Kf7 55. Na3 Nd4 56. Ke4 Nb3 57. Nb1 Nc5+ 58. Ke3 Nb3 59. f4 exf4+ 60. Kxf4 Na5 61. c5 dxc5 62. f6 Nc4 63. Kf5 Nd6+ 64. Ke5 Kg6 65. Ke6 Kxg5 66. f7 Nxf7 67. Kd7 Kf5 68. Kc6 c4 69. Kc5 Nd6 70. Kd4 Kf4 71. Kc3 Ke4 $19 72. Kxb2 Kd3 73. Nc3 Ne4 74. Nb5 (74. Nb1 c3+ 75. Kc1 Nf6 76. d6 cxd6 77. Na3 d5 78. Nc2 d4 79. Kd1 Nd5 80. Ne1+ Ke4 81. Kc2 Nb4+ 82. Kb3 {[#]} c2 $1 83. Nxc2 Nxc2 84. Kxc2 Ke3 85. Kd1 Kd3 86. Ke1 Kc2 87. Ke2 d3+ 88. Ke3 d2 89. Ke4 d1=Q 90. Ke5 Qd2 91. Kf5 Qd6 92. Kg4 Kd2 93. Kf3 Qd4 94. Kg3 Ke3 95. Kg2 Qg4+ 96. Kh1 Kf3 97. Kh2 Qg2#) 74... c3+ 75. Kc1 Nc5 76. Na3 Nb3+ 77. Kd1 Nd4 78. Kc1 Ke4 79. Nb1 Kd3 80. Na3 Ke4 81. Nb1 Nb5 82. Kc2 Kd4 83. Kd1 Kxd5 84. Kc1 Kd4 85. Kd1 Kd3 86. Kc1 c2 87. Nc3 Nxc3 0-1

[Event "22nd Hoogeveen Open 2018"]
[Site "Hoogeveen"]
[Date "2018.10.24"]
[Round "6"]
[White "Blagojevic, Tijana"]
[Black "Zwirs, Nico"]
[Result "0-1"]
[ECO "B81"]
[WhiteElo "2232"]
[BlackElo "2410"]
[Annotator "RC"]
[PlyCount "96"]
[EventDate "2018.10.20"]
[EventType "swiss"]
[EventCountry "NED"]
[SourceTitle "playchess.com"]
[Source "ChessBase"]
[SourceQuality "1"]
[TimeControl "40/5400+30:1800+30"]

1. e4 c5 2. Nf3 e6 3. d4 cxd4 4. Nxd4 Nf6 5. Nc3 d6 6. g4 h6 7. h3 a6 8. Bg2 g5 9. Be3 Nbd7 10. Qe2 Qc7 11. a4 Ne5 12. Rd1 b6 13. O-O Bb7 14. Bc1 Nfd7 15. f4 gxf4 16. Rxf4 Be7 17. Rff1 Ng6 18. Nf3 Nde5 19. Kh1 Nxf3 20. Qxf3 Ne5 21. Qf2 Bg5 22. Ne2 Qc5 23. Nd4 Rg8 24. Bf4 O-O-O 25. Bg3 Rg7 26. Ne2 Be3 27. Qe1 h5 28. b4 Qc4 29. Bxe5 dxe5 30. Rxd8+ Kxd8 31. Ng3 Bg5 32. Nxh5 Rh7 33. Qa1 Bxe4 34. Qd1+ Ke7 35. Bxe4 Qxe4+ 36. Qf3 Qxf3+ 37. Rxf3 f5 38. Rc3 Kd6 39. b5 axb5 40. axb5 Kd5 41. Rc6 e4 42. Kg2 f4 43. c4+ Ke5 44. c5 f3+ 45. Kf2 Bh4+ 46. Ke3 Bg5+ 47. Kf2 Rf7 48. cxb6 e3+ 0-1

[Event "22nd Hoogeveen Open 2018"]
[Site "Hoogeveen"]
[Date "2018.10.24"]
[Round "6"]
[White "Kokje, Joris"]
[Black "Thrish Karthik"]
[Result "1/2-1/2"]
[ECO "D22"]
[WhiteElo "2232"]
[BlackElo "2116"]
[Annotator "NA"]
[PlyCount "96"]
[EventDate "2018.10.20"]
[EventType "swiss"]
[EventCountry "NED"]
[SourceTitle "playchess.com"]
[Source "ChessBase"]
[SourceQuality "1"]
[TimeControl "40/5400+30:1800+30"]

1. d4 d5 2. c4 dxc4 3. Nf3 a6 4. e3 b5 5. a4 Bb7 {[%emt 0:04:53] LiveBook: 297 Games} 6. b3 Nf6 {[%emt 0:08:32] D22: Queen's Gambit Accepted: 3 Nf3 a6 4 e3} (6... e6 7. bxc4 bxc4 8. Bxc4 c5 9. O-O Nf6 10. Nbd2 Nbd7 11. Rb1 Qc7 12. Bb2 cxd4 13. Bxd4 Bc5 14. Qe2 {½-½ (14) Cheparinov,I (2695)-Ivanchuk,V (2727) Mali Losinj 2017}) 7. axb5 axb5 8. Rxa8 Bxa8 9. bxc4 bxc4 10. Ba3 Nbd7 11. Qa4 $146 ({Predecessor:} 11. Bxc4 e6 12. Bxf8 Kxf8 {0-1 (37) Buckley,G (2398)-Thorfinnsson,B (2311) Reykjavik 2006}) 11... e6 12. Bxf8 Kxf8 13. Qa3+ c5 14. dxc5 Bxf3 15. c6+ Kg8 16. gxf3 Qb6 17. Qa8+ Nb8 18. Qb7 $16 Qxb7 19. cxb7 Kf8 20. Bxc4 Ke7 21. Ke2 Rd8 22. Nc3 Rd7 23. Rb1 Rc7 24. Rb4 Ne8 25. Ne4 h6 26. Bd3 f5 27. Ng3 Nd6 28. e4 g6 29. Rb6 Rxb7 30. Rxb7+ Nxb7 31. exf5 exf5 32. Bxf5 gxf5 33. Nxf5+ Kf6 34. Nxh6 Kg5 35. Nf7+ Kf6 36. Nh6 Kg5 37. Ng4 Nd7 38. Ke3 Nbc5 39. Kd4 Ne6+ 40. Kd5 Nf4+ 41. Ke4 Nc5+ 42. Ke5 Nd7+ 43. Ke4 Ng6 44. Ke3 Nf6 45. h3 Nxg4+ 46. fxg4 Nf4 47. h4+ Kxg4 48. f3+ Kf5 {[%emt 0:00:00] Ke4+ [%emt 00:00:10] Ke5+} 1/2-1/2

[Event "22nd Hoogeveen Open 2018"]
[Site "Hoogeveen"]
[Date "2018.10.24"]
[Round "6"]
[White "Sparenberg, Erik"]
[Black "Hilwerda, Jonas"]
[Result "1-0"]
[ECO "C74"]
[WhiteElo "2224"]
[BlackElo "2109"]
[Annotator "NA"]
[PlyCount "155"]
[EventDate "2018.10.20"]
[EventType "swiss"]
[EventCountry "NED"]
[SourceTitle "playchess.com"]
[Source "ChessBase"]
[SourceQuality "1"]
[TimeControl "40/5400+30:1800+30"]

1. e4 e5 2. Nf3 Nc6 3. Bb5 a6 4. Ba4 d6 5. c3 f5 6. d3 Nf6 7. Nbd2 fxe4 {[%emt 0:02:40] C74: Ruy Lopez: Deferred Steinitz: 5 c3 f5} (7... Be7 8. Bb3 Na5 9. O-O Nxb3 10. Qxb3 Qd7 11. d4 exd4 12. exf5 Qxf5 13. Re1 Qb5 14. Qxb5+ axb5 15. Nxd4 {0-1 (45) Sidhant,M (2267)-Sunilduth Lyna,N (2541) New Delhi 2017}) 8. dxe4 Bd7 9. b4 $146 ({Predecessor:} 9. O-O Be7 10. h3 h6 11. Re1 O-O 12. Bb3+ Kh7 13. Nf1 Qe8 14. Ng3 {½-½ (60) Tuleubayev,D-Manukyan,A Kemer 2009}) 9... h6 10. O-O g5 11. Ne1 Bg7 12. Bb3 Qe7 13. Nc2 Nd8 14. Ne3 Nf7 15. Re1 h5 16. Ndf1 h4 17. Nd5 Nxd5 18. Qxd5 c6 19. Qxf7+ Qxf7 20. Bxf7+ Kxf7 21. Bxg5 Rh5 22. Be3 Be6 23. Nd2 Rd8 24. Nb3 Bxb3 25. axb3 d5 26. Bb6 Rd7 27. Rad1 Ke6 28. Rd3 Bf6 29. Red1 Rhh7 30. f3 Rhg7 31. Be3 Rg8 32. h3 Rdg7 33. R1d2 Rd7 34. Kf1 Rgg7 $14 35. Rd1 Rg8 36. R3d2 Rg6 37. Re1 Rg8 38. Rd3 Rdg7 39. Re2 Rd7 40. exd5+ Rxd5 41. Red2 Rgd8 42. Ke2 Rg8 43. Kf1 Rgd8 44. Rxd5 cxd5 45. Bc5 Rc8 46. c4 d4 47. f4 Rd8 48. fxe5 Bxe5 49. Kf2 Rd7 50. Rd3 Kf5 51. Kf3 Rg7 52. Bxd4 Rg3+ 53. Ke2 Rxg2+ 54. Kf1 Rg3 55. Rxg3 Bxg3 56. Ke2 Ke4 57. Bf6 Kf5 58. Be7 Ke4 59. Bd8 Kd4 60. Bf6+ Ke4 61. b5 axb5 62. cxb5 Kf5 63. Bd8 Ke4 64. Be7 Kd4 65. Kf3 Kc3 66. Kg4 Kxb3 67. Bxh4 Bd6 68. Bf6 Kc4 69. b6 Kc5 70. Bd8 Kc6 71. h4 Kd7 72. Bc7 Bc5 73. Kf5 Ke7 74. Kg6 Kf8 75. h5 Bd4 76. h6 Kg8 77. Bd6 Kh8 78. Be7 1-0

[Event "22nd Hoogeveen Open 2018"]
[Site "Hoogeveen"]
[Date "2018.10.24"]
[Round "6"]
[White "Murray, David"]
[Black "Minko, Dmitry"]
[Result "1-0"]
[ECO "C45"]
[WhiteElo "2222"]
[BlackElo "2011"]
[Annotator "NA"]
[PlyCount "63"]
[EventDate "2018.10.20"]
[EventType "swiss"]
[EventCountry "NED"]
[SourceTitle "playchess.com"]
[Source "ChessBase"]
[SourceQuality "1"]
[TimeControl "40/5400+30:1800+30"]

1. e4 e5 2. Nf3 Nc6 3. d4 exd4 4. Nxd4 Bc5 5. Nb3 Bb4+ 6. Bd2 a5 7. a3 Bxd2+ {[%emt 0:17:04] LiveBook: 13 Games} 8. Qxd2 Nf6 9. Nc3 d6 10. O-O-O O-O $14 11. Nd4 Bd7 12. f3 Nxd4 13. Qxd4 Bc6 14. g4 Nd7 15. h4 Nc5 16. g5 f5 17. Bc4+ Kh8 18. Rdg1 Qe7 19. exf5 Rxf5 20. Re1 Qf8 21. Bd5 Bxd5 22. Nxd5 Qf7 23. Ne7 Rxf3 24. h5 Qf4+ 25. Qxf4 Rxf4 26. g6 c6 27. h6 Rg4 28. hxg7+ Kxg7 29. Rxh7+ Kf6 30. Rf7+ Kg5 31. g7 Kh6 32. Rh1+ {[%emt 0:00:17] Kh7 [%emt 00:00:09]} 1-0

[Event "22nd Hoogeveen Open 2018"]
[Site "Hoogeveen"]
[Date "2018.10.24"]
[Round "6"]
[White "Wedda, Dries"]
[Black "De Boer, Bas"]
[Result "1/2-1/2"]
[ECO "D11"]
[WhiteElo "2216"]
[BlackElo "2102"]
[Annotator "NA"]
[PlyCount "26"]
[EventDate "2018.10.20"]
[EventType "swiss"]
[EventCountry "NED"]
[SourceTitle "playchess.com"]
[Source "ChessBase"]
[SourceQuality "1"]
[TimeControl "40/5400+30:1800+30"]

1. d4 d5 2. c4 c6 3. Nf3 Nf6 4. g3 dxc4 5. Bg2 g6 6. O-O Bg7 7. a4 {[%emt 0:05:13] LiveBook: 97 Partien} Ne4 8. Qc2 Nd6 9. e4 Be6 10. Na3 O-O 11. Rd1 Na6 12. Ne5 Nb4 13. Qc3 a5 $11 1/2-1/2

[Event "22nd Hoogeveen Open 2018"]
[Site "Hoogeveen"]
[Date "2018.10.24"]
[Round "6"]
[White "Konings, Frans"]
[Black "De Boer, Eelke"]
[Result "0-1"]
[ECO "B06"]
[WhiteElo "2195"]
[BlackElo "2285"]
[Annotator "NA"]
[PlyCount "126"]
[EventDate "2018.10.20"]
[EventType "swiss"]
[EventCountry "NED"]
[SourceTitle "playchess.com"]
[Source "ChessBase"]
[SourceQuality "1"]
[TimeControl "40/5400+30:1800+30"]

1. d4 Nf6 2. g3 g6 3. Bg2 Bg7 4. e4 d6 5. Ne2 O-O 6. O-O c5 7. dxc5 {[%emt 0:00:28] B06: Modern Defence} (7. c3 e5 8. h3 Qe7 9. Bg5 exd4 10. cxd4 h6 11. Bxf6 Qxf6 12. Nbc3 cxd4 13. Nd5 Qd8 14. Nxd4 Nc6 15. Nxc6 bxc6 {½-½ (36) Chernyshov,K (2508)-Jones,G (2645) Zalakaros 2014}) 7... dxc5 8. e5 Ng4 {[%emt 0:16:29] LiveBook: 5 Partien} 9. f4 Qb6 10. Nbc3 e6 $146 ({Predecessor:} 10... Be6 11. Nd5 Bxd5 12. Qxd5 Nc6 13. h3 Rad8 14. Qb3 Nh6 {1-0 (28) Grigoryan,K (2524)-Zhou,Y (2414) Maribor 2012}) 11. Na4 Qa5 12. Nec3 h5 13. h3 Nh6 14. a3 Rd8 15. b4 Rxd1 16. bxa5 Rxf1+ 17. Kxf1 Na6 18. Rb1 Rb8 19. Ne4 Bf8 20. Nf6+ Kh8 21. g4 hxg4 22. hxg4 Ng8 23. Nxg8 Kxg8 24. c4 Bd7 25. Nc3 Bc6 26. Bxc6 bxc6 27. Rxb8 Nxb8 28. Ne4 Nd7 29. Nf6+ Nxf6 30. exf6 a6 31. Ke2 Bd6 32. Kf3 Kf8 33. Be3 Ke8 34. Ke4 Kd7 35. Bd2 Bf8 36. Bc3 Bd6 37. Kf3 Ke8 38. Ke4 Kd7 39. Bd2 Bf8 40. Kf3 $11 Bd6 41. Kg2 Bc7 42. Kh3 e5 43. f5 gxf5 44. gxf5 Bd8 45. Bg5 Bxa5 46. Kg4 e4 47. Be3 Bc7 48. Bxc5 Bd6 49. Bd4 Bxa3 50. Kf4 a5 51. Kxe4 Kd6 52. Kd3 Bc1 53. Kc2 Bf4 54. Kb3 Be5 55. Ba7 Bxf6 56. Bb8+ Ke7 57. Bf4 Bd4 58. Bg5+ Kd6 59. Bd8 Ke5 60. f6 Ke4 61. Bxa5 Bxf6 62. Be1 Bd4 63. Bg3 f5 0-1

[Event "22nd Hoogeveen Open 2018"]
[Site "Hoogeveen"]
[Date "2018.10.24"]
[Round "6"]
[White "Hulshof, Peter"]
[Black "Mijnheer, Peter"]
[Result "1/2-1/2"]
[ECO "D34"]
[WhiteElo "2168"]
[BlackElo "2092"]
[Annotator "NA"]
[PlyCount "29"]
[EventDate "2018.10.20"]
[EventType "swiss"]
[EventCountry "NED"]
[SourceTitle "playchess.com"]
[Source "ChessBase"]
[SourceQuality "1"]
[TimeControl "40/5400+30:1800+30"]

1. g3 d5 2. Bg2 Nf6 3. d3 c5 4. Nf3 Nc6 5. O-O e6 6. c4 Be7 $11 {[%emt 0:01:29] LiveBook: 48 Games} 7. cxd5 exd5 8. d4 O-O 9. Nc3 Bg4 10. dxc5 Bxc5 11. Bg5 d4 12. Ne4 Be7 13. Bxf6 Bxf6 14. Nxf6+ Qxf6 15. h3 1/2-1/2

[Event "22nd Hoogeveen Open 2018"]
[Site "Hoogeveen"]
[Date "2018.10.24"]
[Round "6"]
[White "Ingebretsen, Jens E"]
[Black "Zarkovic, Mila"]
[Result "1-0"]
[ECO "B52"]
[WhiteElo "2160"]
[BlackElo "2213"]
[Annotator "NA"]
[PlyCount "107"]
[EventDate "2018.10.20"]
[EventType "swiss"]
[EventCountry "NED"]
[SourceTitle "playchess.com"]
[Source "ChessBase"]
[SourceQuality "1"]
[TimeControl "40/5400+30:1800+30"]

1. e4 c5 2. Nf3 d6 3. Bb5+ Bd7 4. c4 a6 {[%emt 0:02:02] B52: Sicilian: Moscow Variation with 3...Bd7} (4... g6 5. Nc3 Bg7 6. d4 cxd4 7. Nxd4 Nf6 8. O-O O-O 9. f3 Bxb5 10. cxb5 a6 11. Be3 axb5 12. Ndxb5 {½-½ (35) Karjakin,S (2773)-Duda,J (2737) chess.com INT 2018}) 5. Bxd7+ Nxd7 6. Nc3 Ngf6 7. O-O e6 {[%emt 0:00:28] LiveBook: 8 Games} 8. d3 Be7 9. h3 Ne5 $146 ({Predecessor:} 9... O-O 10. Be3 Rc8 11. Rc1 Re8 12. a3 d5 13. cxd5 exd5 14. exd5 Nb6 15. d6 Qxd6 16. Ne4 Nxe4 17. dxe4 {0-1 (42) Zakharov,A (2356)-Kryakvin,D (2584) Taganrog 2013}) 10. Nh2 Nc6 11. f4 Nd7 12. Be3 Bf6 13. Kh1 Bd4 14. Bd2 Rb8 15. Nf3 Bf6 16. e5 dxe5 17. Ne4 O-O 18. Nxf6+ Qxf6 19. fxe5 Qg6 20. Qe2 h6 21. Rad1 Qh5 22. Rfe1 Rfd8 23. Bf4 Nf8 24. Be3 Nd7 25. Bg1 Rbc8 26. a3 b6 27. b3 Ne7 28. d4 Nf5 29. Bh2 Qg6 30. d5 Ng3+ 31. Bxg3 Qxg3 32. Qe4 Nf8 33. Rd3 Qg6 34. Qxg6 Nxg6 35. Red1 exd5 36. cxd5 b5 37. g3 c4 38. bxc4 Rxc4 39. Rd4 $11 Rc3 40. R1d3 Rc2 41. Rd2 Rc3 42. R4d3 Rc4 43. d6 Kf8 44. h4 Re4 45. Rd5 h5 46. Kg2 Ke8 47. Rc2 Re3 48. Rc7 Rd7 49. Ng5 Nh8 50. Kf2 Rxa3 51. Rc8+ Rd8 52. d7+ Ke7 53. Rxd8 Kxd8 54. e6 1-0

[Event "22nd Hoogeveen Open 2018"]
[Site "Hoogeveen"]
[Date "2018.10.24"]
[Round "6"]
[White "Biermann, Lenhard"]
[Black "Bluhm, Sonja Maria"]
[Result "0-1"]
[ECO "A43"]
[WhiteElo "2153"]
[BlackElo "2281"]
[Annotator "NA"]
[PlyCount "94"]
[EventDate "2018.10.20"]
[EventType "swiss"]
[EventCountry "NED"]
[SourceTitle "playchess.com"]
[Source "ChessBase"]
[SourceQuality "1"]
[TimeControl "40/5400+30:1800+30"]

1. d4 Nf6 2. Nf3 c5 3. d5 d6 4. Nc3 g6 5. h3 Bg7 6. e4 a6 {[%emt 0:01:36] A43: Schmid Benoni} (6... O-O 7. Bd3 e6 8. O-O exd5 9. exd5 Na6 10. a3 Nc7 11. Bc4 Rb8 12. a4 b6 13. Bg5 h6 14. Bh4 g5 15. Bg3 {0-1 (40) Le Roux,J (2560)-Iturrizaga Bonelli,E (2665) London 2017}) 7. a4 $1 {[%emt 0:00:18] LiveBook: 9 Games} b6 8. Bd3 $146 ({Predecessor:} 8. Bc4 O-O 9. O-O Nbd7 10. Ra3 Ne8 11. Bf4 Ne5 12. Nxe5 dxe5 {½-½ (33) Zegarac,V (2282)-Stamatovic,A (2168) Belgrade 2018}) 8... Bb7 9. Bf4 Nbd7 10. O-O Nh5 11. Bh2 O-O 12. Nd2 Bd4 13. Nc4 Rc8 14. Kh1 Ne5 15. f4 Nxc4 16. Bxc4 Qd7 17. Qd3 Ra8 18. g4 Bxc3 19. Qxc3 Ng7 20. Qd3 Ne8 21. Qb3 Nf6 22. Rae1 Rfb8 23. g5 Nh5 24. Be2 Ng7 25. Bg4 Qc7 26. f5 c4 27. Qf3 Rf8 28. Bg1 gxf5 29. Bxf5 ({Much less strong is} 29. exf5 $6 e6 $14) 29... Nxf5 30. Qxf5 Rae8 31. g6 hxg6 32. Qg5 e5 33. Rf6 Kg7 34. Ref1 Re7 35. Be3 Rh8 36. h4 Qd7 37. R1f3 Rh5 38. Qxh5 gxh5 39. Bh6+ Kh7 40. Rg3 Bxd5 41. exd5 Qb7 ({Worse is} 41... Qxa4 42. Bc1 Re6 43. dxe6 Qc6+ 44. Kh2 Qg2+ 45. Kxg2 fxe6 46. Rh6#) 42. Bf8 Re6 43. Rg7+ Kh8 44. Rfxf7 Qxd5+ 45. Kh2 Rg6 46. Rxg6 $19 Qxf7 47. Bg7+ Qxg7 0-1

[Event "22nd Hoogeveen Open 2018"]
[Site "Hoogeveen"]
[Date "2018.10.24"]
[Round "6"]
[White "Dev, Shah"]
[Black "Van Randtwijk, Mick"]
[Result "1-0"]
[ECO "E29"]
[WhiteElo "2146"]
[BlackElo "1979"]
[Annotator "NA"]
[PlyCount "89"]
[EventDate "2018.10.20"]
[EventType "swiss"]
[EventCountry "NED"]
[SourceTitle "playchess.com"]
[Source "ChessBase"]
[SourceQuality "1"]
[TimeControl "40/5400+30:1800+30"]

1. d4 Nf6 2. c4 e6 3. Nc3 Bb4 4. e3 O-O 5. Bd3 c5 6. Nf3 Nc6 7. O-O d6 8. a3 Bxc3 9. bxc3 e5 10. d5 Ne7 11. e4 Ng6 12. Ne1 Qa5 $11 13. Bd2 a6 14. f3 b5 15. Qe2 bxc4 16. Bxc4 Rb8 17. a4 Nd7 18. Bd3 Rb2 19. Bc2 Qd8 20. Bc1 Rb6 21. Bd3 a5 22. g3 Qc7 23. c4 Rb4 24. Ba3 Rb8 25. Ng2 Nb6 26. Qc2 Bd7 27. Bc1 Rb7 28. Bd2 Na8 29. Bc3 Rfb8 30. f4 f6 31. f5 Nf8 32. g4 Rb3 33. Qd2 Qa7 34. Bc2 R3b6 35. g5 Be8 36. h4 Qa6 37. Ne3 Qa7 38. Kh1 Kh8 39. Rg1 Ra6 40. gxf6 gxf6 41. Ng4 Qe7 42. Nh6 Bf7 43. Qg2 Bxd5 44. Qg8+ Bxg8 45. Rxg8# 1-0

[Event "22nd Hoogeveen Open 2018"]
[Site "Hoogeveen"]
[Date "2018.10.24"]
[Round "6"]
[White "Vroombout, Enrico"]
[Black "Oord, Raymon"]
[Result "1-0"]
[ECO "D66"]
[WhiteElo "2132"]
[BlackElo "1900"]
[Annotator "NA"]
[PlyCount "121"]
[EventDate "2018.10.20"]
[EventType "swiss"]
[EventCountry "NED"]
[SourceTitle "playchess.com"]
[Source "ChessBase"]
[SourceQuality "1"]
[TimeControl "40/5400+30:1800+30"]

1. d4 Nf6 2. c4 e6 3. Nc3 d5 4. Bg5 Be7 5. e3 Nbd7 6. Nf3 c6 7. Rc1 O-O 8. Bd3 Re8 9. O-O dxc4 10. Bxc4 {[%emt 0:00:04] LiveBook: 6 Games} a6 $14 11. Qc2 b5 12. Bd3 Bb7 13. Ne5 h6 14. Bxf6 Bxf6 15. Nxd7 Qxd7 16. Ne4 Be7 17. Nc5 Bxc5 18. Qxc5 e5 19. Rfd1 exd4 20. Bf5 Qc7 21. Rxd4 Re5 22. Rd5 Rxd5 23. Qxd5 Rd8 24. Qc5 Qd6 25. Qxd6 Rxd6 26. Be4 Kf8 27. Kf1 Ke7 28. Ke2 Kd7 29. Rc5 f6 30. b4 Kc7 31. f4 Bc8 32. f5 Bd7 33. a3 Be8 34. Bf3 Bf7 35. Be4 Bc4+ 36. Kf3 Kb6 37. Kf4 Bd3 38. Bf3 Bc4 39. Be4 Bd3 40. Bf3 Bc4 41. Kg4 a5 42. Kf4 axb4 43. axb4 Kc7 44. g4 Kd7 45. h4 Kc7 46. Kg3 Kd7 47. Kf4 Kc7 48. g5 hxg5+ 49. hxg5 fxg5+ 50. Kxg5 Bf7 51. Re5 Kd8 52. Re4 Rf6 53. Rh4 Ke7 54. Rh7 Kf8 55. e4 Rd6 56. e5 Rd4 57. Bxc6 Rxb4 58. e6 Rc4 59. Rh8+ Bg8 60. Rxg8+ Kxg8 61. e7 1-0

[Event "22nd Hoogeveen Open 2018"]
[Site "Hoogeveen"]
[Date "2018.10.24"]
[Round "6"]
[White "Van Dorp, Folke"]
[Black "Warakomska, Anna"]
[Result "0-1"]
[ECO "B24"]
[WhiteElo "2097"]
[BlackElo "2293"]
[Annotator "NA"]
[PlyCount "84"]
[EventDate "2018.10.20"]
[EventType "swiss"]
[EventCountry "NED"]
[SourceTitle "playchess.com"]
[Source "ChessBase"]
[SourceQuality "1"]
[TimeControl "40/5400+30:1800+30"]

1. e4 c5 2. Nc3 e6 3. g3 Nc6 4. Bg2 g6 5. Nge2 Bg7 6. d3 Nge7 7. Be3 Nd4 {[%emt 0:01:12] LiveBook: 44 Games} 8. O-O {[%emt 0:01:03] B24: Closed Sicilian: 3 g3 sidelines} Rb8 9. a3 b5 10. b4 d6 11. Rb1 O-O 12. Qd2 Bd7 13. f4 Nec6 $146 ({Predecessor:} 13... Qc7 $11 14. Nd1 Nxe2+ 15. Qxe2 cxb4 16. axb4 {½-½ (40) Preziuso,T (2352)-Remis Fernandez,J (2328) ICCF email 2006}) 14. f5 cxb4 15. axb4 exf5 16. Nf4 fxe4 17. Nxe4 Nf5 18. Bf2 Be6 19. c3 Qd7 20. Rbe1 h6 21. g4 Nfe7 22. h3 a5 23. bxa5 Nxa5 24. Nxe6 fxe6 25. Bg3 Nb7 26. g5 Nf5 27. Bh2 h5 28. d4 Na5 29. Ng3 Nc4 $17 30. Qd3 Kh7 31. Nxf5 exf5 32. Bd5 Rfe8 33. Bxc4 bxc4 34. Qxc4 Rbc8 35. Qd3 Qc6 36. Rc1 Re4 37. Kf2 Rce8 38. Rfe1 Qd5 39. Rxe4 fxe4 40. Qg3 e3+ 41. Ke1 Qa2 42. Rd1 Qc2 0-1